 Dungeon Crawl Stone Soup version 0.29.1-13-g9f3cf754e1 (webtiles) character file.

Game seed: 9817728724930192857

233 bjubeck the Covered (level 5, 0/48 HPs)
             Began as a Minotaur Fighter on Feb 1, 2023.
             Slain by Edmund
             ... wielding a +0 dire flail of holy wrath
              (7 damage)
             ... on level 4 of the Dungeon.
             The game lasted 00:04:38 (2471 turns).

bjubeck the Covered (Minotaur Fighter)              Turns: 2471, Time: 00:04:38

Health: 0/48       AC:  7    Str: 23    XL:     5   Next: 74%
Magic:  4/4        EV:  9    Int:  5    God:
Gold:   115        SH:  4    Dex:  9    Spells: 4/4 levels left

rFire   . . .      SeeInvis .   a - +0 war axe
rCold   . . .      Faith    .   c - +0 buckler
rNeg    . . .      Spirit   .   b - +0 scale mail
rPois   .          Reflect  .   (helmet restricted)
rElec   .          Harm     .   (no cloak)
rCorr   .          Rampage  .   (no gloves)
Will    .....                   (no boots)
Stlth   ..........              (no amulet)
HPRegen 0.16/turn               (no ring)
MPRegen 0.09/turn               (no ring)

@: no status effects
A: horns 2, retaliatory headbutt
a: no special abilities


You were on level 4 of the Dungeon.
You visited 1 branch of the dungeon, and saw 4 of its levels.

You collected 115 gold pieces.

Inventory:

Hand Weapons
 a - a +0 war axe (weapon)
Armour
 b - a +0 scale mail (worn)
 c - a +0 buckler (worn)
 k - a +0 pair of gloves
Jewellery
 j - a +6 ring of intelligence
Wands
 s - a wand of mindburst (9)
Scrolls
 e - 4 scrolls of identify {unknown}
 f - 2 scrolls of acquirement {unknown}
 i - 2 scrolls of teleportation {unknown}
 l - a scroll of poison {unknown}
 m - a scroll of vulnerability {unknown}
 n - a scroll of torment {unknown}
 o - a scroll of amnesia {unknown}
 u - 2 scrolls of magic mapping {unknown}
 x - a scroll of blinking {unknown}
 y - a scroll of enchant weapon {unknown}
Potions
 d - 3 potions of might
 g - 4 potions of curing {unknown}
 h - a potion of cancellation {unknown}
 p - 2 potions of heal wounds
 q - 2 potions of flight {unknown}
 r - a potion of invisibility {unknown}
 t - a potion of brilliance {unknown}
 v - a potion of degeneration {unknown}
 w - a potion of haste {unknown}
 z - 2 potions of magic {unknown}


   Skills:
 + Level 5.0 Fighting
 + Level 4.1 Axes
 + Level 5.0 Armour
 + Level 5.0 Shields


You had 4 spell levels left.
You didn't know any spells.
Your spell library contained the following spells:

 Spells                   Type           Power      Damage    Failure   Level
 Scorch                   Fire           0%         2d5       94%         2
 Flame Wave               Conj/Fire      0%         2d4       100%        4
 Summon Cactus Giant      Summ           0%         N/A       100%        6


Dungeon Overview and Level Annotations

Branches:
Dungeon (4/15)
 Temple: D:4-7

Altars:
Elyvilon
Ru

Shops:
D:2 *

Annotations:
D:4 Edmund


Innate Abilities, Weirdness & Mutations

You have a pair of horns on your head.
You reflexively headbutt those who attack you in melee.


Message History

You slash Edmund! You headbutt Edmund.
Edmund is moderately wounded.
You block Edmund's attack.
You closely miss Edmund. You headbutt Edmund.
Edmund is heavily wounded.
Edmund hits you with a +0 dire flail of holy wrath.
You hit Edmund but do no damage.
Edmund is heavily wounded.
Edmund hits you with a +0 dire flail of holy wrath.
Edmund hits you with a +0 dire flail of holy wrath!
You hit Edmund. Your headbutt misses Edmund.
Edmund is severely wounded.
Edmund barely misses you.
You hit Edmund but do no damage. Your headbutt misses Edmund.
Edmund is severely wounded.
Edmund barely misses you. You furiously retaliate!
You headbutt Edmund, but do no damage. You barely miss Edmund.
You headbutt Edmund!
Edmund is almost dead.
Edmund hits you with a +0 dire flail of holy wrath.
Edmund mutters, "Who needs spells, anyway?"
Edmund hits you with a +0 dire flail of holy wrath.
You are too injured to fight recklessly!
You are too injured to fight recklessly!
You are too injured to fight recklessly!
You are too injured to fight recklessly!
You are too injured to fight recklessly!
You are too injured to fight recklessly!
You hit Edmund.
Edmund is almost dead.
Edmund hits you with a +0 dire flail of holy wrath!
* * * LOW HITPOINT WARNING * * *
You hit Edmund but do no damage. Your headbutt misses Edmund.
Edmund is almost dead.
Edmund barely misses you. You furiously retaliate!
You headbutt Edmund, but do no damage. You closely miss Edmund.
Edmund is almost dead.
Edmund hits you with a +0 dire flail of holy wrath!
You die...

#.....#
#.....#.......#
#.....#........
#.....#..$.....
#.....#........
#..<..#.......#
#.....#.......#
#.....#@.....$.
#.....#@......#
#.....#.......#
#.....'.......#
#.....#.......#
#.....#........
#.....#.......#
#.....#.......#
#.....#........
#.....#........


You could see Edmund.

Vanquished Creatures
  Natasha (thrice) (D:3)
  Jessica (D:3)
  Ijyb (D:3)
  An orc wizard (D:3)
  An adder (D:3)
  3 gnolls (D:3)
  A worm (D:3)
  A dart slug (D:2)
  4 bats
  2 endoplasms
  A giant cockroach (D:3)
  5 goblins
  4 hobgoblins
  7 kobolds
  5 ball pythons
  2 frilled lizards (D:1)
  2 rats (D:2)
44 creatures vanquished.

Vanquished Creatures (others)
  A fungus (D:1)
1 creature vanquished.

Grand Total: 45 creatures vanquished

Notes
Turn   | Place    | Note
-------+----------+-------------------------------------------
     0 | D:1      | bjubeck the Minotaur Fighter began the quest for the Orb.
     0 | D:1      | Reached XP level 1. HP: 19/19 MP: 0/0
   146 | D:1      | Reached XP level 2. HP: 27/27 MP: 1/1
   212 | D:1      | Found a faded altar of an unknown god.
   900 | D:2      | Found a white marble altar of Elyvilon.
   946 | D:2      | Found Feid's Assorted Antiques.
  1202 | D:3      | Noticed Jessica
  1203 | D:3      | Reached XP level 3. HP: 33/33 MP: 2/2
  1212 | D:3      | Killed Jessica
  1213 | D:3      | Reached XP level 4. HP: 28/41 MP: 3/3
  1301 | D:3      | Noticed Ijyb
  1310 | D:3      | Killed Ijyb
  1630 | D:3      | Found a sacrificial altar of Ru.
  1639 | D:3      | Reached XP level 5. HP: 45/47 MP: 4/4
  1764 | D:3      | Noticed Natasha
  1769 | D:3      | Killed Natasha
  1826 | D:3      | Noticed Natasha
  1834 | D:3      | Killed Natasha
  2024 | D:3      | Noticed Natasha
  2036 | D:3      | Killed Natasha
  2037 | D:3      | Reached skill level 5 in Fighting
  2037 | D:3      | Reached skill level 5 in Armour
  2037 | D:3      | Reached skill level 5 in Shields
  2458 | D:4      | Noticed Edmund
  2471 | D:4      | Slain by Edmund

Illustrated notes

Levels and vault maps discovered:
D:1:      dpeg_chamrin_arrival_tetris, layout_loops_ring,
          dreamdust_ecumenical_altar_grove
D:2:      layout_rooms, serial_shops, shop, basic_altar
D:3:      minmay_inner_zag, layout_basic, nicolae_ru_great_annihilating_truth,
          chequers_garden, nicolae_kite_square_tiling_tiny, uniq_jessica,
          uniq_ijyb, uniq_natasha
D:4:      layout_gridville, vehumet_statue, minmay_temple_entry_hall,
          biasface_ghost_orc_armoury, uniq_edmund, uniq_pikel

Skill      XL: |  1  2  3  4  5 |
---------------+----------------+-----
Armour         | 4 5 |  5.0
Shields        | 4 5 |  5.0
Fighting       | 4 5 |  5.0
Axes           | 3 4 |  4.1

Action                   |  1- 3 |  4- 6 || total
-------------------------+-------+-------++-------
Melee: War axe           |    57 |    54 ||   111
       Headbutt          |     5 |    11 ||    16
 Stab: Paralysed         |       |     1 ||     1
Armor: Scale mail        |    23 |    10 ||    33
Dodge: Dodged            |    29 |    16 ||    45
Block: Buckler           |    19 |     8 ||    27
